PL
NORTHERN VIRGINIA RAINBOW MERMAIDS @ D.C. DIVIDED
05/05/2034
 
TOP OF THE 1ST
Northern Virginia Rainbow Mermaids batting - Pitching for D.C. Divided : RHP John Hottinger
Pitching: RHP John Hottinger
Batting: RHB Juan Jose Ayala 0-0: Ball
1-0: Ground out 4-3 (Groundball, 4S)
Batting: LHB Scott Kerin 0-0: Called Strike
0-1: Ball
1-1: DOUBLE (Line Drive, 78D)
Batting: SHB Eustacio Tafalla 0-0: Ball
1-0: Foul Ball, location: 2F
1-1: Foul Ball, location: 2F
1-2: Ball
2-2: Ball
3-2: Foul Ball, location: 2F
3-2: Base on Balls
Batting: SHB Melito Báez 0-0: Ball
1-0: Called Strike
1-1: Foul Ball, location: 2F
1-2: Strikes out swinging
Batting: RHB Zahid Kashani 0-0: Called Strike
0-1: Ball
1-1: Fly out, F2 (Popup, 2RF)
Top of the 1st over - 0 runs, 1 hit, 0 errors, 2 left on base; Northern Virginia 0 - D.C. 0
BOTTOM OF THE 1ST
D.C. Divided batting - Pitching for Northern Virginia Rainbow Mermaids : RHP Mimosa Joseph
Pitching: RHP Mimosa Joseph
Batting: RHB Arturo Rodríguez 0-0: Ground out 5-3 (Groundball, 56S)
Batting: RHB José Torres 0-0: Ball
1-0: SINGLE (Line Drive, 78S)
Batting: LHB Yao-pang Chiang 0-0: Ball
1-0: Ball
2-0: Called Strike
2-1: Ball
3-1: Fly out, F2 (Popup, 2RF)
Batting: LHB Obidiah Lewis 0-0: Called Strike
0-1: Ball
1-1: Ball
2-1: DOUBLE (Line Drive, 3D)
José Torres to third
Batting: RHB Tony Romero 0-0: Swinging Strike
0-1: Ball
1-1: Called Strike
1-2: Ball
2-2: Strikes out swinging
Bottom of the 1st over - 0 runs, 2 hits, 0 errors, 2 left on base; Northern Virginia 0 - D.C. 0
TOP OF THE 2ND
Northern Virginia Rainbow Mermaids batting - Pitching for D.C. Divided : RHP John Hottinger
Batting: LHB Ty Tomblin 0-0: Foul Ball, location: 2F
0-1: Called Strike
0-2: Ground out U3 (Groundball, 34)
Batting: SHB Takashi Noda 0-0: SINGLE (Line Drive, 8LS)
Batting: LHB José Ruíz 0-0: Called Strike
0-1: Swinging Strike
0-2: Ball
1-2: Ball
2-2: Strikes out swinging
Batting: SHB Galtero Suárez 0-0: Called Strike
0-1: Foul Ball, location: 2F
0-2: Foul Ball, location: 2F
0-2: Ball
1-2: Ball
2-2: Foul Ball, location: 2F
2-2: Fly out, F8 (Flyball, 78M)
Top of the 2nd over - 0 runs, 1 hit, 0 errors, 1 left on base; Northern Virginia 0 - D.C. 0
BOTTOM OF THE 2ND
D.C. Divided batting - Pitching for Northern Virginia Rainbow Mermaids : RHP Mimosa Joseph
Batting: RHB Wilbur Davis 0-0: Foul Ball, location: 2F
0-1: Ball
1-1: Swinging Strike
1-2: Strikes out looking
Batting: RHB Daryl Yandell 0-0: Ground out 4-3 (Groundball, 4D)
Batting: RHB Ken Bone 0-0: Swinging Strike
0-1: Ball
1-1: Foul Ball, location: 2F
1-2: Ball
2-2: Foul Ball, location: 2F
2-2: SINGLE (Groundball, 34D)
Batting: RHB Sherman N'Dir 0-0: Hit by Pitch
Ken Bone to second
Batting: RHB Arturo Rodríguez 0-0: Ball
1-0: Ball
2-0: Foul Ball, location: 2F
2-1: Foul Ball, location: 2F
2-2: Ball
3-2: Ground out 5-3 (Groundball, 56S)
Bottom of the 2nd over - 0 runs, 1 hit, 0 errors, 2 left on base; Northern Virginia 0 - D.C. 0
TOP OF THE 3RD
Northern Virginia Rainbow Mermaids batting - Pitching for D.C. Divided : RHP John Hottinger
Batting: RHB Juan Jose Ayala 0-0: Called Strike
0-1: Ball
1-1: Ball
2-1: Foul Ball, location: 2F
2-2: Foul Ball, location: 2F
2-2: Ball
3-2: SINGLE (Groundball, 56D)
Batting: LHB Scott Kerin 0-0: Ball
Juan Jose Ayala is caught stealing 2nd base
1-0: Called Strike
1-1: Foul Ball, location: 2F
1-2: Ball
2-2: Strikes out swinging
Pitching: RHP Dale Kurth
Batting: SHB Eustacio Tafalla 0-0: Called Strike
0-1: Ball
1-1: Ball
2-1: Ball
3-1: Foul Ball, location: 2F
3-2: SOLO HOME RUN (Flyball, 7LD), Distance : 357 ft
Batting: SHB Melito Báez 0-0: Ball
1-0: Ball
2-0: Foul Ball, location: 2F
2-1: Called Strike
2-2: Fly out, F7 (Flyball, 7)
Top of the 3rd over - 1 run, 2 hits, 0 errors, 0 left on base; Northern Virginia 1 - D.C. 0
BOTTOM OF THE 3RD
D.C. Divided batting - Pitching for Northern Virginia Rainbow Mermaids : RHP Mimosa Joseph
Batting: RHB José Torres 0-0: Called Strike
0-1: Called Strike
0-2: Strikes out swinging
Batting: LHB Yao-pang Chiang 0-0: Ball
1-0: Foul Ball, location: 2F
1-1: Swinging Strike
1-2: Ball
2-2: Ground out 5-3 (Groundball, 56S)
Batting: LHB Obidiah Lewis 0-0: Called Strike
0-1: Ball
1-1: Foul Ball, location: 2F
1-2: Fly out, F8 (Flyball, 8LS)
Bottom of the 3rd over - 0 runs, 0 hits, 0 errors, 0 left on base; Northern Virginia 1 - D.C. 0
TOP OF THE 4TH
Northern Virginia Rainbow Mermaids batting - Pitching for D.C. Divided : RHP Dale Kurth
Batting: RHB Zahid Kashani 0-0: Ball
1-0: Called Strike
1-1: Ground out 5-3 (Groundball, 56)
Batting: LHB Ty Tomblin 0-0: Foul Ball, location: 2F
0-1: Ball
1-1: SINGLE (Groundball, 3D)
Batting: SHB Takashi Noda 0-0: Ball
1-0: Ball
2-0: Fly out, F7 (Flyball, 7S)
Batting: LHB José Ruíz 0-0: Called Strike
0-1: Ball
1-1: Ball
2-1: Called Strike
2-2: Strikes out swinging
Top of the 4th over - 0 runs, 1 hit, 0 errors, 1 left on base; Northern Virginia 1 - D.C. 0
BOTTOM OF THE 4TH
D.C. Divided batting - Pitching for Northern Virginia Rainbow Mermaids : RHP Mimosa Joseph
Batting: RHB Tony Romero 0-0: Swinging Strike
0-1: Swinging Strike
0-2: Ball
1-2: Ball
2-2: Strikes out looking
Batting: RHB Wilbur Davis 0-0: Ball
1-0: Foul Ball, location: 2F
1-1: Ground out 4-3 (Groundball, 4)
Batting: RHB Daryl Yandell 0-0: Ball
1-0: Ground out U3 (Groundball, 3)
Bottom of the 4th over - 0 runs, 0 hits, 0 errors, 0 left on base; Northern Virginia 1 - D.C. 0
TOP OF THE 5TH
Northern Virginia Rainbow Mermaids batting - Pitching for D.C. Divided : RHP Dale Kurth
Batting: SHB Galtero Suárez 0-0: Fly out, F8 (Flyball, 8LM)
Batting: RHB Juan Jose Ayala 0-0: Ball
1-0: SINGLE (Groundball, 34D)
Batting: LHB Scott Kerin 0-0: Ball
Juan Jose Ayala is caught stealing 2nd base
1-0: Ball
2-0: Ball
3-0: Base on Balls
Batting: SHB Eustacio Tafalla 0-0: Called Strike
0-1: Fly out, F9 (Line Drive, 9D)
Top of the 5th over - 0 runs, 1 hit, 0 errors, 1 left on base; Northern Virginia 1 - D.C. 0
BOTTOM OF THE 5TH
D.C. Divided batting - Pitching for Northern Virginia Rainbow Mermaids : RHP Mimosa Joseph
Batting: RHB Ken Bone 0-0: Ball
1-0: Foul Ball, location: 2F
1-1: Ground out U3 (Groundball, 3)
Batting: RHB Sherman N'Dir 0-0: Swinging Strike
0-1: Fly out, F8 (Flyball, 8LXD)
Batting: RHB Arturo Rodríguez 0-0: Ball
1-0: SINGLE (Line Drive, 4MD)
Batting: RHB José Torres 0-0: Ball
1-0: Ball
2-0: Ground out 4-3 (Groundball, 4)
Bottom of the 5th over - 0 runs, 1 hit, 0 errors, 1 left on base; Northern Virginia 1 - D.C. 0
TOP OF THE 6TH
Northern Virginia Rainbow Mermaids batting - Pitching for D.C. Divided : RHP Dale Kurth
Batting: SHB Melito Báez 0-0: Called Strike
0-1: Ball
1-1: Fly out, F8 (Line Drive, 78S)
Batting: RHB Zahid Kashani 0-0: SINGLE (Flyball, 7S)
Batting: LHB Ty Tomblin 0-0: Ball
1-0: Ball
2-0: DOUBLE (Line Drive, 7LM)
Zahid Kashani to third
Runner from 3rd tries for Home, SAFE, no throw
Pitching: RHP Brewster Warble
Batting: SHB Takashi Noda 0-0: Ball
1-0: Foul Ball, location: 2F
1-1: Foul Ball, location: 2F
1-2: Strikes out swinging
Batting: LHB José Ruíz 0-0: Swinging Strike
0-1: Ball
1-1: Called Strike
1-2: Ball
2-2: Ball
3-2: Foul Ball, location: 2F
3-2: Strikes out swinging
Top of the 6th over - 1 run, 2 hits, 0 errors, 1 left on base; Northern Virginia 2 - D.C. 0
BOTTOM OF THE 6TH
D.C. Divided batting - Pitching for Northern Virginia Rainbow Mermaids : RHP Mimosa Joseph
Batting: LHB Yao-pang Chiang 0-0: Called Strike
0-1: Foul Ball, location: 2F
0-2: Ball
1-2: Ball
2-2: Foul Ball, location: 2F
2-2: Foul Ball, location: 2F
2-2: Fly out, F8 (Flyball, 8LD)
Batting: LHB Obidiah Lewis 0-0: Ball
1-0: Ball
2-0: Ball
3-0: Ground out 1-3 (Groundball, 13S)
Batting: RHB Tony Romero 0-0: Ball
1-0: Swinging Strike
1-1: SINGLE (Groundball, 34) (infield hit)
Batting: RHB Wilbur Davis 0-0: Called Strike
0-1: Ball
Tony Romero is caught stealing 2nd base
Bottom of the 6th over - 0 runs, 1 hit, 0 errors, 0 left on base; Northern Virginia 2 - D.C. 0
TOP OF THE 7TH
Northern Virginia Rainbow Mermaids batting - Pitching for D.C. Divided : RHP Brewster Warble
Batting: SHB Galtero Suárez 0-0: Called Strike
0-1: Ball
1-1: Ball
2-1: Foul Ball, location: 2F
2-2: Strikes out looking
Batting: RHB Juan Jose Ayala 0-0: Called Strike
0-1: Called Strike
0-2: Ball
1-2: Foul Ball, location: 2F
1-2: Foul Ball, location: 2F
1-2: Ball
2-2: Ground out 5-3 (Groundball, 56)
Batting: LHB Scott Kerin 0-0: Ball
1-0: Swinging Strike
1-1: Foul Ball, location: 2F
1-2: Foul Ball, location: 2F
1-2: SINGLE (Groundball, 56D)
Batting: SHB Eustacio Tafalla 0-0: Ball
1-0: Called Strike
1-1: Foul Ball, location: 2F
1-2: Ground out 4-3 (Groundball, 4)
Top of the 7th over - 0 runs, 1 hit, 0 errors, 1 left on base; Northern Virginia 2 - D.C. 0
BOTTOM OF THE 7TH
D.C. Divided batting - Pitching for Northern Virginia Rainbow Mermaids : RHP Mimosa Joseph
Batting: RHB Wilbur Davis 0-0: Ball
1-0: Fly out, F7 (Flyball, 7S)
Batting: RHB Daryl Yandell 0-0: Swinging Strike
0-1: Swinging Strike
0-2: Ball
1-2: Ball
2-2: Ball
3-2: Fly out, F6 (Line Drive, 6)
Batting: RHB Ken Bone 0-0: Called Strike
0-1: Swinging Strike
0-2: Ball
1-2: Foul Ball, location: 2F
1-2: Strikes out swinging
Bottom of the 7th over - 0 runs, 0 hits, 0 errors, 0 left on base; Northern Virginia 2 - D.C. 0
TOP OF THE 8TH
Northern Virginia Rainbow Mermaids batting - Pitching for D.C. Divided : RHP Brewster Warble
Batting: SHB Melito Báez 0-0: Ball
1-0: SINGLE (Groundball, 56D)
Batting: RHB Zahid Kashani 0-0: Ball
1-0: Grounds into double play, 6-4-3 (Groundball, 6)
Batting: LHB Ty Tomblin 0-0: Fly out, F9 (Line Drive, 9)
Top of the 8th over - 0 runs, 1 hit, 0 errors, 0 left on base; Northern Virginia 2 - D.C. 0
BOTTOM OF THE 8TH
D.C. Divided batting - Pitching for Northern Virginia Rainbow Mermaids : RHP Mimosa Joseph
Batting: RHB Sherman N'Dir 0-0: Ground out 6-3 (Groundball, 6)
Batting: RHB Arturo Rodríguez 0-0: Called Strike
0-1: Ball
1-1: Ball
2-1: Fly out, F7 (Flyball, 7S)
Batting: RHB José Torres 0-0: Called Strike
0-1: Ball
1-1: Ball
2-1: Ball
3-1: Foul Ball, location: 2F
3-2: Foul Ball, location: 2F
3-2: Ground out 6-3 (Groundball, 6M)
Bottom of the 8th over - 0 runs, 0 hits, 0 errors, 0 left on base; Northern Virginia 2 - D.C. 0
TOP OF THE 9TH
Northern Virginia Rainbow Mermaids batting - Pitching for D.C. Divided : RHP Brewster Warble
Batting: SHB Takashi Noda 0-0: Ball
1-0: Foul Ball, location: 2F
1-1: Ball
2-1: Called Strike
2-2: Foul Ball, location: 2F
2-2: Ball
3-2: Ground out 6-3 (Groundball, 6)
Batting: LHB José Ruíz 0-0: Called Strike
0-1: Ball
1-1: Foul Ball, location: 2F
1-2: Fly out, F9 (Flyball, 9LSF)
Batting: SHB Galtero Suárez 0-0: Foul Ball, location: 2F
0-1: Ground out 3-1 (Groundball, 3S)
Top of the 9th over - 0 runs, 0 hits, 0 errors, 0 left on base; Northern Virginia 2 - D.C. 0
BOTTOM OF THE 9TH
D.C. Divided batting - Pitching for Northern Virginia Rainbow Mermaids : RHP Mimosa Joseph
Pitching: RHP Folkert van Huizen
Batting: LHB Yao-pang Chiang 0-0: Foul Ball, location: 2F
0-1: Foul Ball, location: 2F
0-2: Ball
1-2: Ball
2-2: Ball
3-2: Foul Ball, location: 2F
3-2: SINGLE (Line Drive, 8LS)
Batting: LHB Obidiah Lewis 0-0: Called Strike
0-1: Ball
1-1: Ball
2-1: Foul Ball, location: 2F
2-2: Strikes out swinging
Batting: RHB Tony Romero 0-0: Called Strike
0-1: Foul Ball, location: 2F
0-2: Ball
1-2: Ball
2-2: Strikes out swinging
Batting: RHB Wilbur Davis 0-0: Ball
1-0: Foul Ball, location: 2F
1-1: Ball
2-1: Fly out, F7 (Flyball, 7S)
Bottom of the 9th over - 0 runs, 1 hit, 0 errors, 1 left on base; Northern Virginia 2 - D.C. 0
Friday, March 29th, 2019 - OOTP Baseball 18.8 Build 76